 Dungeon Crawl Stone Soup version 0.17.2-1-ge4368a0 (webtiles) character file.

1040951 magipi the Meteorologist (level 27, 0/211 HPs)
             Began as a High Elf Berserker on May 21, 2017.
             Was the Champion of Makhleb.
             Slain by Antaeus
             ... wielding a +4 scythe of flaming
              (7 damage)
             ... on level 7 of Cocytus on May 25, 2017.
             The game lasted 12:24:20 (126553 turns).

magipi the Meteorologist (High Elf Berserker)     Turns: 126553, Time: 12:24:20

Health: 0/211      AC: 29    Str: 22      XL:     27
Magic:  5/49       EV: 39    Int: 27      God:    Makhleb [******]
Gold:   12409      SH:  9    Dex: 22 (23) Spells: 14 memorised, 21 levels left

rFire  + + .     SeeInvis +     a - +9 double sword (holy)
rCold  + + .     Clarity  .     J - +2 robe {rC+ rF+}
rNeg   + + .     SustAt   .     I - +3 buckler {AC+3}
rPois  .         Gourm    .     y - +2 hat {MR+}
rElec  +         Spirit   .     S - +2 cloak of Starlight {rElec rC+ EV+4 Stlth--}
rCorr  .         Warding  +     T - +2 pair of gloves
rMut   .         Stasis   .     D - +2 pair of boots of the Assassin {DetectMon Stab+ Stlth++}
MR     +++..                    c - macabre finger necklace {Ward rN+}
Stlth  ++........               o - +6 ring of protection
                                n - ring "Plog" {+Blink rF+ rN+ Int+2 Dex+4}
                                i - ring of the Octopus King {AC+1 EV+1 Str+1 Int+1 Dex+1 SInv}

@: mighty, frozen, contaminated, regenerating, hasted, glowing, repel missiles,
quick, extremely resistant to hostile enchantments, unstealthy
A: deformed body
a: Minor Destruction, Lesser Servant of Makhleb, Major Destruction, Greater
Servant of Makhleb, Renounce Religion, Evoke Blink
}: 8/15 runes: decaying, serpentine, slimy, silver, golden, iron, obsidian,
glowing


You were on level 7 of Cocytus.
You worshipped Makhleb.
Makhleb was exalted by your worship.
You were near starving.

You visited 17 branches of the dungeon, and saw 85 of its levels.
You visited Pandemonium 2 times, and saw 16 of its levels.
You visited the Abyss 1 time.
You visited 1 bazaar.
You visited 1 ziggurat, and saw 20 of its levels.
You also visited: Labyrinth and Volcano.

You collected 14601 gold pieces.
You spent 2192 gold pieces at shops.

Inventory:

Hand Weapons
 a - a +9 double sword of holy wrath (weapon)
   (Trog gifted it to you on level 2 of the Snake Pit)
 w - the +13 demon blade of Asenn {freeze, +Inv}
   (Trog gifted it to you on level 1 of the Vaults)

   It has been specially enchanted to freeze those struck by it, causing extra
   injury to most foes and up to half again as much damage against particularly
   susceptible opponents.
   It can also slow down cold-blooded creatures.
   It lets you turn invisible.
Missiles
 K - 4 poisoned javelins (quivered)
Armour
 y - a +2 hat of magic resistance (worn)
   (You took it off an octopode crusher on level 4 of the Depths)
 D - the +2 pair of boots of the Assassin (worn) {DetectMon Stab+ Stlth++}
   (You found it on level 16 of a ziggurat)

   It makes you much more stealthy.
 H - a +2 pair of boots of flying
   (You found it on level 3 of the Tomb of the Ancients)
 I - a +3 buckler of protection (worn)
   (You found it on level 14 of the Dungeon)
 J - a +2 robe of resistance (worn)
   (You found it on level 6 of the Pits of Slime)
 S - the +2 cloak of Starlight (worn) {rElec rC+ EV+4 Stlth--}
   (You acquired it on level 1 of the Snake Pit)

   It affects your evasion (+4).
   It protects you from cold.
   It insulates you from electricity.
   It makes you much less stealthy.
 T - a +2 pair of gloves (worn)
   (You found it on level 1 of the Dungeon)
Magical Staves
 b - an uncursed staff of energy
   (You found it on level 3 of the Elven Halls)
Rods
 v - a +7 rod of destruction (10/10)
   (You took it off a minotaur in a labyrinth)
 U - a +4 rod of destruction (9/9)
   (You found it in a labyrinth)
Jewellery
 c - the macabre finger necklace (around neck) {Ward rN+}
   (You found it on level 13 of a ziggurat)

   [amulet of warding]

   It may prevent the melee attacks of summoned creatures.
   It protects you from negative energy.
 f - an uncursed ring of protection from fire
   (You found it on level 6 of the Lair of Beasts)
 i - a ring of the Octopus King (on amulet) {AC+1 EV+1 Str+1 Int+1 Dex+1 SInv}
   (You found it on level 9 of a ziggurat)

   [ring of see invisible]

   It affects your AC (+1).
   It affects your evasion (+1).
   It affects your strength (+1).
   It affects your intelligence (+1).
   It affects your dexterity (+1).
   It lets you see invisible.
 m - an uncursed amulet of resist mutation
   (You acquired it on level 4 of the Depths)
 n - the ring "Plog" (left hand) {+Blink rF+ rN+ Int+2 Dex+4}
   (You took it off a deep elf demonologist on level 3 of the Elven Halls)

   [ring of protection from fire]

   It affects your intelligence (+2).
   It affects your dexterity (+4).
   It protects you from fire.
   It protects you from negative energy.
   It lets you blink.
 o - a +6 ring of protection (right hand)
   (You found it on level 1 of the Depths)
 p - an uncursed ring of poison resistance
   (You found it in a labyrinth)
 t - the ring of Vylaikhly {+/*Tele Str+4}
   (You found it on level 8 of a ziggurat)

   [ring of teleportation]

   It may teleport you next to monsters, and can be evoked to randomly teleport.
   It affects your strength (+4).
 z - an uncursed ring of wizardry
   (You found it on level 4 of the Lair of Beasts)
 R - an uncursed amulet of resist corrosion
   (You found it in a labyrinth)
Wands
 u - a wand of teleportation (2)
   (You found it on level 7 of the Dungeon)
 x - a wand of hasting (0)
   (You acquired it on level 4 of the Lair of Beasts)
 F - a wand of heal wounds (3)
   (You found it on level 8 of the Lair of Beasts)
 N - a wand of polymorph (9)
   (You took it off an orc on level 9 of the Dungeon)
Scrolls
 j - 2 scrolls of identify
 q - a scroll of acquirement
 B - 7 scrolls of teleportation
 C - 2 scrolls of recharging
 G - 14 scrolls of fog
 P - 6 scrolls of magic mapping
 X - 9 scrolls of fear
 Y - 4 scrolls of blinking
 Z - 17 scrolls of remove curse
Potions
 e - a potion of magic
 h - 10 potions of agility
 k - 3 potions of haste
 l - 7 potions of heal wounds
 r - 4 potions of curing
 s - a potion of flight
 E - a potion of cancellation
 V - 6 potions of might
 W - 3 potions of berserk rage
Miscellaneous
 L - a lamp of fire
   (You found it on level 5 of the Lair of Beasts)
 M - 6 phantom mirrors
Comestibles
 g - 2 bread rations


   Skills:
 - Level 23.0 Fighting
 - Level 18.3 Long Blades
   Level 10.6 Bows
 + Level 12.5 Throwing
 - Level 22.0 Armour
 - Level 22.5 Dodging
 + Level 10.8 Stealth
 - Level 6.1 Shields
 - Level 21.3 Spellcasting
 - Level 2.6 Hexes
 - Level 14.3 Charms
 + Level 12.1 Summonings
 - Level 5.0 Necromancy
 - Level 5.2 Translocations
 O Level 27 Air Magic
 - Level 20.4 Invocations
 - Level 14.2 Evocations


You had 21 spell levels left.
You knew the following spells:

 Your Spells              Type           Power        Failure   Level  Hunger
a - Apportation           Tloc           ######....   1%          1    None
b - Blink                 Tloc           N/A          1%          2    None
c - Portal Projectile     Tloc           ######       1%          3    None
d - Animate Dead          Necr           N/A          1%          4    None
e - Animate Skeleton      Necr           N/A          1%          1    None
f - Passage of Golubria   Tloc           N/A          1%          4    None
g - Summon Butterflies    Summ           #######.     0%          1    None
h - Haste                 Chrm           #######.     1%          6    None
i - Silence               Hex/Air        #######...   1%          5    None
j - Song of Slaying       Chrm           #######.     0%          2    None
m - Repel Missiles        Chrm/Air       ######       0%          2    None
r - Regeneration          Chrm/Necr      ######....   1%          3    None
s - Summon Lightning Spi  Summ/Air       #######.     0%          4    None
T - Tornado               Air            ########..   6%          9    #######


Dungeon Overview and Level Annotations

Branches:
Dungeon (15/15)            Temple (1/1) D:4            Lair (8/8) D:9
  Swamp (4/4) Lair:6        Snake (4/4) Lair:3        Slime (6/6) Lair:8
    Orc (4/4) D:11            Elf (3/3) Orc:4        Vaults (5/5) D:14
  Crypt (3/3) Vaults:3       Tomb (3/3) Crypt:3      Depths (5/5) D:15
   Hell (1/1)                 Dis (7/7) Hell            Geh (7/7) Hell
    Coc (7/7) Hell            Tar (0/7) Hell            Zot (2/5) Depths:5

Altars:
Ashenzari
Cheibriados
Dithmenos
Elyvilon
Fedhas
Gozag
Kikubaaqudgha
Makhleb
Nemelex Xobeh
Okawaru
Qazlal
Ru
Sif Muna
Trog
Vehumet
Xom
Yredelemnul
Zin
The Shining One
Lugonu

Shops:
D:13 *   D:14 [   Orc:1 ?   Orc:4 (*?:}   Elf:1 }   Snake:1 ?   Snake:3 :?
Vaults:1 (   Vaults:5 *   Depths:2 [

Portals:
Hell: Lair:8 Depths:1 Depths:2 Depths:3 Depths:4 Depths:5
Abyss: Depths:1 Depths:4
Pandemonium: Depths:3 Depths:5

Annotations:
Lair:8
Hell
Elf:2 3 runed doors
Vaults:3 Mennas
Depths:3 exclusion: 2 orange crystal statues
Coc:7 exclusion: ice statue, Antaeus


Innate Abilities, Weirdness & Mutations

Armour fits poorly on your strangely shaped body.


Message History

The shard shrike misses you.
Unknown command.
You hit the Ice Fiend but do no damage.
The Ice Fiend is severely wounded.
You kill the shard shrike!
Makhleb accepts your kill.
You feel better. The Ice Fiend completely misses you.
The Ice Fiend completely misses you.
Unknown command.
You barely miss the Ice Fiend.
The Ice Fiend is almost dead.
Unknown command.
Unknown command.
You kill the Ice Fiend!
Makhleb accepts your kill.
You hear a screech!
Unknown command.
The shard shrike spits a shard of ice at you.
You block the shard of ice. Antaeus gestures at you. The flash freeze hits you!
You partially resist.
You are encased in ice.
Unknown command.
Unknown command.
Unknown command.
Casting: Tornado
Confirm with . or Enter, or press ? or * to list all spells.
Your skin crawls.
You kill the blue devil!
Makhleb accepts your kill. Antaeus misses you. Antaeus completely misses you.
Unknown command.
Unknown command.
The winds around you start to calm down.
You float gracefully downwards.
The shard shrike claws you but does no damage.
Unknown command.
You are engulfed in raging winds.
The shard shrike screeches!
You block Antaeus's attack. Antaeus misses you.
Unknown command.
You are engulfed in raging winds.
The ice encasing you melts away.
The shard shrike spits a shard of ice at you.
The shard of ice misses you.
The shard of ice hits Antaeus.
Antaeus partially resists.
Unknown command.
Drink which item? (? for menu, Esc to quit)
You feel very mighty all of a sudden. The shard shrike completely misses you.
Antaeus completely misses you.
Antaeus hits you with a scythe of flaming.
Antaeus freezes you! You resist.
Unknown command.
Unknown command.
You slash Antaeus!
Antaeus convulses.
Antaeus is lightly wounded.
The shard shrike completely misses you.
Unknown command.
You slice Antaeus!!
Antaeus convulses!
Antaeus is lightly wounded.
The winds around you calm down.
You hear a roar!
Unknown command.
You slash the shard shrike!
The shard shrike is heavily wounded.
You block the shard shrike's attack. Antaeus gestures at you.
The flash freeze hits you!
You are encased in ice.
Unknown command.
You slice the shard shrike!!
The shard shrike is severely wounded.
The shard shrike barely misses you.
You hear a distant "Zot"!
Unknown command.
You hit Antaeus.
Antaeus convulses.
Antaeus is lightly wounded.
Unknown command.
You slice the shard shrike!!
The shard shrike is almost dead.
The shard shrike completely misses you. Antaeus completely misses you.
Antaeus hits you with a scythe of flaming!!
Antaeus freezes you!! You resist.
* * * LOW HITPOINT WARNING * * *
Antaeus burns you.
* * * LOW HITPOINT WARNING * * *
Drink which item? (? for menu, Esc to quit)
You feel much better. The shard shrike completely misses you.
Unknown command.
You slice the shard shrike!!
You kill the shard shrike!
Makhleb accepts your kill.
You feel better.
You feel your dexterity returning.
Antaeus hits you with a scythe of flaming!!!!
* * * LOW HITPOINT WARNING * * *
Antaeus freezes you! You resist.
* * * LOW HITPOINT WARNING * * *
Antaeus burns you!
You die...

***###≈≈≈≈≈....≈≈≈≈#
*≈≈≈≈≈....≈
***###≈≈≈≈≈....≈≈≈≈#
*≈≈≈≈≈≈...≈
***###≈≈≈≈≈.§..≈≈≈≈#
*≈≈≈≈≈≈..≈≈
***###≈≈≈≈...§..≈≈≈##
*#≈≈≈≈≈≈≈≈≈
***###≈≈≈....§§..≈≈≈#
#≈≈≈≈≈≈≈≈≈
***###≈≈..#####..≈≈≈#
#≈≈≈≈≈≈≈≈≈
***###≈..#*,,,##..≈≈#
*#≈≈≈≈≈.≈≈
***###≈..*,,,,,#C.≈≈#
#≈≈≈≈...≈
***###≈.,*,,,,,#@.≈≈#
#≈≈≈≈...≈
***###≈.,*,,,,{#..≈≈#
#≈≈≈≈...≈
***###≈,,**,,,##..≈≈#
#≈≈≈≈..†.
***###≈≈,,**+*#..≈≈≈#
#≈≈≈≈....
******≈≈≈..§§§.†≈≈≈##
#≈≈≈≈≈...
******≈≈≈...§§.≈≈≈≈#
#≈≈≈≈≈≈.∩
******≈≈≈≈.§§§≈≈≈≈≈#
#≈≈≈≈≈≈..
******≈≈≈≈...≈≈≈≈≈##
##≈≈≈≈≈≈≈
******≈≈≈≈≈≈≈≈≈≈≈≈#
#≈≈≈≈≈≈≈


You could see Antaeus.

Vanquished Creatures
  Asmodeus (Geh:7)
  the royal jelly (Slime:6)
  Dissolution (Slime:1)
  4 ancient liches
  Mnoleg (Pan)
  Dispater (Dis:7)
  Khufu (Crypt:1)
  An orb of fire (Zot:2)
  Mara (Snake:4)
  3 juggernauts
  31 greater mummies
  Frederick (Crypt:3)
  2 Killer Klowns (Zig:20)
  A curse toe (Zot:1)
  7 shard shrikes
  10 pandemonium lords
  Geryon (Hell)
  4 caustic shrikes
  A profane servitor (Zig:12)
  6 golden dragons
  Xtahua (Crypt:3)
  A bone dragon (Zig:17)
  3 liches
  13 Brimstone Fiends
  Jorgrun (Vaults:2)
  7 tentacled monstrosities
  Rupert (D:12)
  A hellephant (Pan)
  12 Ice Fiends
  8 quicksilver dragons
  11 Hell Sentinels
  12 Shadow Fiends
  8 deep elf blademasters
  6 deep elf master archers
  4 Executioners (Pan)
  4 death cobs
  11 sphinxes
  9 titans
  5 ancient champions
  17 acid blobs
  4 tentacled starspawn (Zig:11)
  5 octopode crushers
  5 shadow dragons
  10 tengu reavers
  10 greater nagas
  A storm dragon (shapeshifter) (Zig:5)
  6 storm dragons
  6 revenants
  The ghost of emiel the Severer, an adept FoFi of Cheibriados (Snake:4)
  5 corrupters (Pan)
  22 frost giants
  4 draconian knights
  11 azure jellies
  Maud (Depths:3)
  4 iron dragons
  12 fire giants
  17 cacodemons
  Louise (Swamp:2)
  11 ghost moths
  3 warmongers (Pan)
  4 curse skulls
  11 balrugs
  A caustic shrike zombie (Zig:17)
  An emperor scorpion (Zig:14)
  2 draconian zealots
  10 deep elf sorcerers
  12 ironheart preservers
  2 draconian shifters
  2 spriggan defenders (Depths:3)
  11 ghouls
  18 vault wardens
  28 reapers
  A juggernaut skeleton (Zig:17)
  A caustic shrike skeleton (Zig:17)
  2 draconian callers (Depths:5)
  40 stone giants
  20 very ugly things
  8 war gargoyles
  3 green draconians
  3 vampire knights
  5 lorocyprocas (Pan)
  4 bennus (Tomb:1)
  7 blood saints (Pan)
  20 deep elf demonologists
  2 black draconians
  2 elemental wellsprings (Coc:7)
  10 salamander firebrands
  9 black suns
  A spectral titan (Zig:12)
  3 red draconians (Zot:2)
  8 chaos champions (Pan)
  14 deep elf annihilators
  2 salamander stormcallers
  A mottled draconian (Zot:2)
  2 yellow draconians
  21 eidola
  A dire elephant (Lair:8)
  31 large abominations
  4 white draconians
  4 purple draconians
  A merfolk javelineer (Depths:4)
  3 crystal guardians (Zig:18)
  12 blizzard demons
  22 vault guards
  6 deep elf death magi
  10 ettins
  9 death oozes
  A kraken zombie (Hell)
  6 green deaths
  19 fire dragons
  23 mummy priests
  Josephine (D:12)
  8 jiangshi
  12 entropy weavers
  7 quicksilver dragon zombies
  A minotaur (Lab)
  10 deep elf high priests
  9 great orbs of eyes
  3 spriggan air magi
  Fannar (D:12)
  15 yaktaur captains
  2 ghost crabs (Zig:15)
  6 rakshasas
  16 ice dragons
  11 naga warriors
  2 quicksilver dragon skeletons
  A hydra (shapeshifter) (Vaults:1)
  8 alligators
  Erolcha (Orc:1)
  6 monstrous demonspawn (Pan)
  4 anacondas
  24 hydras
  A juggernaut simulacrum (Zig:13)
  3 death knights
  Erica (Lair:1)
  4 hell beasts (Pan)
  An anaconda (shapeshifter) (Vaults:4)
  7 deep troll shamans
  A death yak (Lair:6)
  10 centaur warriors
  2 dancing weapons
  11 ogre magi
  5 thrashing horrors
  5 tengu warriors
  9 deep troll earth magi
  17 hell hogs
  9 vampire magi
  15 naga sharpshooters
  8 shock serpents
  Urug (Lair:1)
  3 orc high priests
  7 storm dragon zombies
  25 soul eaters
  7 small abominations
  9 iron golems
  3 titan zombies
  4 titan skeletons
  Nergalle (Orc:3)
  22 sun demons
  35 hell knights
  8 iron trolls
  3 spriggan berserkers
  A wretched star (Zig:11)
  2 shadow wraiths
  6 salamander mystics
  A fire crab (Vaults:4)
  24 deep elf knights
  2 spriggan druids
  2 unseen horrors (Vaults:1)
  3 wizards
  36 skeletal warriors
  3 death drakes
  A ghost moth zombie (Crypt:3)
  4 storm dragon skeletons
  A spatial maelstrom (Zig:11)
  24 deep elf summoners
  3 anaconda zombies
  2 golden dragon zombies
  8 giant orange brains
  2 gelid demonspawn (Pan)
  50 death scarabs
  10 putrid demonspawn (Pan)
  9 flayed ghosts
  22 phantasmal warriors
  5 starcursed masses
  7 harpies
  42 ice devils
  2 shambling mangroves
  10 infernal demonspawn (Pan)
  15 orc knights
  7 swamp dragons
  18 deep trolls
  8 naga ritualists
  2 sphinx zombies
  29 anubis guards
  6 shadow dragon zombies
  31 hill giants
  6 shadow demons
  2 lindwurms (shapeshifter) (Zig:19)
  9 golden dragon skeletons
  An anubis guard (shapeshifter) (D:15)
  3 anaconda skeletons
  4 tengu zombies
  17 deep elf conjurers
  4 orb spiders
  32 necromancers
  8 torturous demonspawn
  7 orc sorcerers
  3 iron dragon zombies
  8 cyclopes
  3 human zombies
  4 shining eyes
  A worldbinder (Abyss:2)
  2 lindwurms (Swamp:4)
  9 fire giant zombies
  24 ironbrand convokers
  A mana viper (shapeshifter) (Elf:1)
  3 wolf spider zombies
  A sphinx skeleton (Zig:17)
  A manticore (shapeshifter) (Zig:16)
  A cyclops (shapeshifter) (Zig:8)
  6 shadow dragon skeletons
  4 stone giant zombies
  A harpy (shapeshifter) (Elf:1)
  48 ugly things
  8 wolf spiders
  3 frost giant zombies
  2 guardian serpents
  27 rust devils
  7 moths of wrath
  An apocalypse crab (Zig:11)
  11 mana vipers
  6 griffons
  27 salamanders
  14 elephants
  2 shock serpent zombies (Geh:5)
  16 sixfirhies
  4 hornets
  A salamander (shapeshifter) (Elf:2)
  A manticore (D:15)
  5 frost giant skeletons
  2 iron dragon skeletons
  4 dire elephant zombies
  51 black mambas
  An elephant (shapeshifter) (Depths:3)
  7 fire giant skeletons
  Joseph (Lair:1)
  17 smoke demons
  5 gargoyles
  5 stone giant skeletons
  11 vault sentinels
  2 dire elephant skeletons
  3 ice statues
  A shock serpent skeleton (Crypt:2)
  4 torpor snails (Zig:18)
  23 orange demons
  A storm dragon simulacrum (Vaults:3)
  31 naga magi
  18 spiny frogs
  3 eyes of devastation
  11 komodo dragons
  5 molten gargoyles
  21 hellions
  22 tormentors
  3 kobold demonologists
  10 fire drakes
  3 yaktaur zombies
  3 spectral merfolk (Depths:3)
  4 demonic crawlers
  63 yaktaurs
  A catoblepas zombie (Dis:2)
  A jumping spider (shapeshifter) (Zig:11)
  A yaktaur (shapeshifter) (Vaults:1)
  An efreet (Pan)
  19 freezing wraiths
  3 silent spectres
  26 two-headed ogres
  An entropy weaver zombie (Hell)
  An ancient zyme (Zig:11)
  2 catoblepas skeletons
  22 deep elf priests
  24 hellwings
  A human skeleton (Vaults:4)
  A queen bee (D:13)
  10 trolls
  32 guardian mummies
  14 polar bears
  3 harpy zombies
  21 blue devils
  2 tengu conjurers
  24 red devils
  7 hydra zombies
  A purple draconian skeleton (Crypt:1)
  A troll (shapeshifter) (D:13)
  4 jumping spiders
  16 blink frogs
  7 hydra skeletons
  A raiju (shapeshifter) (Vaults:1)
  7 bog bodies
  A deep troll zombie (Hell)
  5 raiju
  2 spriggan zombies
  3 fire dragon zombies
  9 ushabtiu
  8 giant leeches
  83 slime creatures
  3 alligator zombies
  An ice dragon zombie (Geh:1)
  7 boulder beetles
  8 ettin zombies
  2 fire giant simulacra
  3 harpy skeletons
  A black mamba zombie (Dis:5)
  A frost giant simulacrum (Hell)
  A spriggan (shapeshifter) (Depths:1)
  5 trapdoor spiders
  115 flying skulls
  27 wraiths
  An alligator skeleton (Coc:4)
  3 spriggans
  Sigmund (D:6)
  22 shadows
  18 water elementals
  5 ettin skeletons
  18 redbacks
  13 vampires
  A yak (shapeshifter) (Zig:19)
  A fire dragon skeleton (Crypt:2)
  A trapdoor spider (shapeshifter) (Vaults:4)
  71 yaks
  3 ice dragon skeletons
  5 spriggan skeletons
  A wyvern (D:13)
  41 deep elf magi
  9 golden eyes
  A hippogriff (shapeshifter) (Vaults:5)
  5 tarantellas
  3 air elementals (Depths:4)
  16 fire elementals
  A fire bat (Volcano)
  17 humans
  15 ynoxinuls
  Grum (Lair:1)
  A steam dragon (Swamp:4)
  24 vampire mosquitoes
  2 black mamba skeletons (Crypt:2)
  A hill giant skeleton (Crypt:2)
  A yaktaur simulacrum (Vaults:3)
  17 chaos spawn
  A hog (D:7)
  6 basilisks
  An elf skeleton (Zig:17)
  36 deep elf fighters
  6 hungry ghosts
  21 wolves
  Menkaure (D:6)
  9 wargs
  A water moccasin (shapeshifter) (Depths:3)
  17 hippogriffs
  13 insubstantial wisps
  22 neqoxecs
  4 mottled dragons
  A warg (shapeshifter) (Vaults:5)
  54 nagas
  21 swamp worms
  5 spiny frog zombies
  2 hydra simulacra (Depths:3)
  28 water moccasins
  8 ice beasts
  2 spectral trolls (Depths:3)
  32 hell hounds
  An alligator simulacrum (Hell)
  9 porcupines
  A minotaur simulacrum (Depths:3)
  10 swamp drakes
  A spider (Zig:14)
  44 orc warriors
  2 sky beasts
  A snapping turtle zombie (Coc:3)
  10 boggarts
  16 necrophages
  10 phantoms
  A manticore zombie (Coc:7)
  23 centaurs
  17 crocodiles
  2 swamp dragon zombies
  A spiny frog skeleton (Geh:5)
  3 manticore skeletons
  An ice dragon simulacrum (Depths:1)
  9 wasps
  10 black bears
  3 snapping turtle skeletons
  A swamp dragon skeleton (Crypt:1)
  7 eyes of draining
  A komodo dragon zombie (Crypt:1)
  5 big kobolds
  An elf simulacrum (Vaults:4)
  17 giant frogs
  8 brain worms
  59 ogres
  3 earth elementals
  A merfolk simulacrum (Depths:3)
  A water moccasin zombie (D:5)
  7 wyvern skeletons (Crypt:3)
  A troll zombie (Crypt:2)
  2 elf zombies (Vaults:1)
  29 killer bees
  A raiju zombie (Crypt:1)
  A scorpion (shapeshifter) (D:15)
  A spectral ogre (Depths:3)
  A water moccasin skeleton (D:7)
  7 scorpions
  An orc simulacrum (Vaults:1)
  A polar bear zombie (Crypt:1)
  4 electric eels
  4 spectral nagas (Depths:3)
  2 human simulacra
  A killer bee (shapeshifter) (Elf:1)
  A troll skeleton (Crypt:1)
  2 spectral centaurs (Depths:3)
  23 crimson imps
  45 wights
  10 centaur zombies
  A quasit (Depths:5)
  11 hounds
  15 jellies
  29 orc wizards
  A giant frog zombie (D:5)
  15 iron imps
  4 giant frog skeletons
  15 orc priests
  Ijyb (D:4)
  10 iguanas
  6 centaur skeletons
  9 hell rats
  9 worker ants
  2 spriggan simulacra (Depths:3)
  A killer bee zombie (D:8)
  A lightning spire (Zig:12)
  A naga zombie (Geh:3)
  22 sheep
  A dwarf skeleton (Crypt:2)
  An ogre skeleton (Crypt:1)
  A tengu skeleton (Geh:7)
  A hound zombie (Crypt:2)
  A hound skeleton (D:6)
  40 mummies
  A worker ant zombie (D:11)
  Robin (D:2)
  11 adders
  5 gnolls
  15 shadow imps
  11 river rats
  23 white imps
  A giant eyeball (Depths:3)
  2 oozes
  An adder zombie (D:5)
  An adder skeleton (D:8)
  An iguana skeleton (Crypt:2)
  A sheep skeleton (Crypt:1)
  A worm (D:4)
  7 giant geckos
  183 orcs
  4 bats
  7 giant cockroaches
  17 goblins
  10 hobgoblins
  7 jackals
  35 kobolds
  7 quokkas
  A ball python (D:1)
  A giant gecko skeleton (D:5)
  A giant newt (D:3)
  A kobold zombie (Dis:1)
  A quokka skeleton (D:5)
  A quokka zombie (D:9)
  4 rats
  A rat zombie (Crypt:2)
  A crawling corpse (Zig:16)
  3 fungi
  2 lost souls (Zig:20)
  2 plants (Crypt:3)
  5 starspawn tentacles (Zig:11)
  A starspawn tentacle segment (Zig:11)
  2 tentacles (Hell)
  A tentacle segment (Hell)
4412 creatures vanquished.

Vanquished Creatures (collateral kills)
  2 greater mummies
  Sojobo (Vaults:5)
  2 golden dragons (Zot:2)
  A lich (Depths:4)
  An acid blob (Slime:6)
  An octopode crusher (Depths:4)
  Frances (Swamp:2)
  2 ancient champions
  A sphinx (Vaults:5)
  3 shadow dragons
  2 storm dragons
  4 tengu reavers
  Roxanne (Swamp:3)
  3 azure jellies (Slime:6)
  An orc warlord (Orc:3)
  A frost giant (Vaults:5)
  3 vault wardens (Vaults:5)
  A draconian shifter (Zot:2)
  An ironheart preserver (Vaults:5)
  A stone giant (Vaults:5)
  A purple draconian (Depths:5)
  Azrael (D:13)
  The ghost of magipi the Grappler, a journeyman TrAM of Makhleb (Lair:3)
  A white draconian (Zot:2)
  A mottled draconian (Depths:5)
  An eidolon (Crypt:3)
  A crystal guardian (Vaults:4)
  A deep elf death mage (Vaults:5)
  3 death oozes (Slime:5)
  3 mummy priests
  2 ettins (Vaults:5)
  5 vault guards (Vaults:5)
  4 yaktaur captains
  3 ice dragons
  A naga warrior (Snake:3)
  A hydra (Swamp:3)
  2 deep troll shamans (Depths:4)
  3 death yaks (Lair:3)
  A dancing weapon (Depths:3)
  2 iron golems
  A storm dragon zombie (Crypt:2)
  2 hell knights
  2 skeletal warriors (Crypt:2)
  18 death scarabs
  2 unseen horrors
  A flayed ghost (Geh:1)
  A spriggan druid (Swamp:3)
  5 phantasmal warriors
  3 deep trolls
  A gelid demonspawn (Depths:5)
  2 mana vipers (Snake:3)
  A golden dragon skeleton (Tomb:3)
  4 ugly things (D:15)
  A torturous demonspawn (Depths:5)
  An anubis guard (Tomb:1)
  A frost giant zombie (D:15)
  A shining eye (Slime:2)
  A moth of wrath (Zot:1)
  2 fire giant zombies
  An iron dragon skeleton (Tomb:1)
  A frost giant skeleton (Crypt:1)
  A rust devil (Depths:5)
  A vault sentinel (Vaults:5)
  A guardian serpent (Snake:3)
  8 yaktaurs
  A black mamba (Snake:3)
  A komodo dragon (D:15)
  A tormentor (Depths:5)
  6 guardian mummies
  A hellwing (Pan)
  A boulder beetle (Vaults:5)
  An ushabti (Tomb:3)
  4 two-headed ogres
  A deep troll zombie (Hell)
  4 slime creatures
  3 alligator skeletons (Hell)
  An ice dragon skeleton (Tomb:3)
  4 water elementals (Depths:4)
  A wraith (Depths:3)
  4 flying skulls
  5 spriggans
  A hog (Volcano)
  A chaos spawn (Pan)
  7 golden eyes
  A putrid demonspawn zombie (Crypt:2)
  2 swamp worms (Swamp:4)
  2 hell hounds (D:13)
  A mottled dragon (shapeshifter) (Depths:4)
  2 orc warriors
  An alligator simulacrum (Hell)
  3 swamp drakes (Swamp:3)
  2 snapping turtle zombies
  A wight (Geh:1)
  A crimson imp (Geh:1)
  5 starcursed masses (Zig:11)
  An iron imp (Depths:5)
  An orc priest (D:15)
  2 jellies (Slime:5)
  An orc wizard (D:15)
  6 mummies
  A shadow imp (Depths:5)
  A white imp (Hell)
  4 orcs
220 creatures vanquished.

Vanquished Creatures (others)
  A shard shrike (Zig:13)
  A lich (Tomb:2)
  3 eldritch tentacles
  An octopode crusher (Zig:18)
  2 tengu reavers
  A draconian zealot (Zot:2)
  An elemental wellspring (Coc:7)
  2 bennus (Tomb:2)
  A hydra (Swamp:4)
  A death knight (Zig:12)
  An anaconda (Snake:3)
  A titan zombie (Crypt:3)
  A naga sharpshooter (Zig:7)
  An iron golem (Zig:18)
  13 death scarabs
  A deep elf knight (Elf:2)
  A flayed ghost (Geh:5)
  A deep elf summoner (Zig:19)
  A torturous demonspawn (Pan)
  A lindwurm (Swamp:4)
  An ugly thing (Depths:1)
  A torpor snail (Zig:18)
  An orange demon (Pan)
  2 guardian mummies (Tomb:2)
  A tengu conjurer (D:14)
  An ettin skeleton (Geh:7)
  10 flying skulls
  A ynoxinul (Pan)
  A trapdoor spider (Zig:14)
  A chaos spawn (Pan)
  A black mamba skeleton (Tomb:2)
  2 steam dragons (Swamp:4)
  A swamp worm (Swamp:3)
  A mottled dragon (Swamp:4)
  A spiny frog skeleton (Tomb:2)
  A spiny frog zombie (Coc:7)
  A hell hound (Depths:3)
  A swamp dragon zombie (Tomb:2)
  A wasp (Zig:4)
  A wight (Geh:3)
  An iron imp (Dis:7)
  A human zombie (Geh:7)
  4 mummies (Tomb:2)
  252 eldritch tentacle segments
  14 fungi
  16 lost souls
  90 plants
  8 starspawn tentacles
  131 starspawn tentacle segments
  6 tentacles (Hell)
  108 tentacle segments (Hell)
698 creatures vanquished.

Grand Total: 5330 creatures vanquished

Notes
Turn   | Place    | Note
--------------------------------------------------------------
     0 | D:1      | magipi the High Elf Berserker began the quest for the Orb.
     0 | D:1      | Reached XP level 1. HP: 16/16 MP: 2/2
   139 | D:1      | Reached skill level 4 in Long Blades
   276 | D:1      | Reached XP level 2. HP: 17/21 MP: 3/3
   679 | D:2      | Found a shattered altar of Ashenzari.
   968 | D:2      | Reached skill level 5 in Long Blades
  1188 | D:2      | Reached XP level 3. HP: 18/26 MP: 4/4
  1285 | D:2      | Noticed Robin
  1301 | D:2      | Killed Robin
  1657 | D:2      | Reached ** piety under Trog
  2132 | D:3      | Reached XP level 4. HP: 29/31 MP: 5/5
  2175 | D:3      | Reached skill level 6 in Long Blades
  3370 | D:3      | Reached XP level 5. HP: 36/36 MP: 6/6
  3372 | D:3      | Reached skill level 7 in Long Blades
  3415 | D:3      | Reached *** piety under Trog
  4137 | D:4      | Noticed an ogre
  4153 | D:4      | Killed an ogre
  4153 | D:4      | Reached skill level 8 in Long Blades
  4153 | D:4      | Reached XP level 6. HP: 42/42 MP: 7/7
  4207 | D:4      | Found a blossoming altar of Fedhas.
  4226 | D:4      | Got a pair of warped boots
  4232 | D:4      | Identified the +1 pair of boots of Prudence {+Blink rElec Dex-2} (You found it on level 4 of the Dungeon)
  4345 | D:4      | Found a staircase to the Ecumenical Temple.
  4359 | Temple   | Entered the Ecumenical Temple
  4459 | D:4      | Reached skill level 9 in Long Blades
  4717 | D:4      | Found an iron altar of Okawaru.
  5104 | D:4      | Reached XP level 7. HP: 43/46 MP: 8/8
  5185 | D:4      | Noticed Ijyb
  5215 | D:4      | Killed Ijyb
  5383 | D:5      | Entered Level 5 of the Dungeon
  5448 | D:5      | Reached skill level 10 in Long Blades
  5955 | D:5      | Reached **** piety under Trog
  6087 | D:5      | Reached XP level 8. HP: 54/54 MP: 9/9
  6780 | D:5      | Found a burning altar of Makhleb.
  6825 | D:5      | Found a white marble altar of Elyvilon.
  6838 | D:5      | Found an opulent altar of Gozag.
  6958 | D:6      | Noticed Menkaure
  6965 | D:6      | Killed Menkaure
  7066 | D:6      | Reached skill level 5 in Fighting
  7066 | D:6      | Reached skill level 5 in Dodging
  7435 | D:6      | Noticed Sigmund
  7450 | D:6      | Killed Sigmund
  7787 | D:6      | Found a glowing golden altar of the Shining One.
  7912 | D:6      | Reached XP level 9. HP: 55/62 MP: 10/10
  8040 | D:6      | Reached skill level 5 in Armour
  9653 | D:7      | Found a shadowy altar of Dithmenos.
  9783 | D:7      | Got a translucent ring mail
  9794 | D:7      | Identified the +2 ring mail of Qobiwn {rF- Str+9 Dex+5} (You found it on level 7 of the Dungeon)
 10740 | D:7      | Reached ***** piety under Trog
 10744 | D:7      | Reached XP level 10. HP: 71/71 MP: 11/11
 12463 | D:9      | Received a gift from Trog
 12467 | D:9      | Found a staircase to the Lair.
 12668 | D:9      | Reached skill level 1 in Evocations
 13212 | D:10     | Entered Level 10 of the Dungeon
 13400 | D:10     | Found a shattered altar of Ashenzari.
 13513 | D:10     | Found a shimmering altar of Xom.
 14246 | D:10     | Noticed a hill giant
 14260 | D:10     | Reached XP level 11. HP: 80/80 MP: 14/14
 14263 | D:10     | Killed a hill giant
 14731 | D:10     | Killed an unseen horror
 14731 | D:10     | Reached skill level 11 in Long Blades
 15340 | D:11     | Found a labyrinth entrance.
 15345 | Lab      | Entered a labyrinth
 15719 | Lab      | Killed an unseen horror
 15955 | Lab      | Noticed a minotaur
 15968 | Lab      | Killed a minotaur
 16199 | Lab      | Got an encrusted plate armour
 16218 | Lab      | Identified the +1 plate armour "Revovull" {+Fly rCorr Int-3} (You found it in a labyrinth)
 16253 | Lab      | Identified a +4 rod of destruction (9/9) (You found it in a labyrinth)
 16254 | Lab      | Identified a +7 rod of destruction (10/10) (You took it off a minotaur in a labyrinth)
 16461 | D:11     | Found a staircase to the Orcish Mines.
 16541 | D:11     | Reached skill level 5 in Evocations
 16548 | D:11     | Received a gift from Trog
 16717 | D:11     | Found a shimmering altar of Xom.
 17027 | Lair:1   | Entered Level 1 of the Lair of Beasts
 17046 | Lair:1   | Noticed Grum
 17072 | Lair:1   | Killed Grum
 17077 | Lair:1   | Reached skill level 12 in Long Blades
 17503 | Lair:1   | Received a gift from Trog
 17510 | Lair:1   | Noticed Urug
 17519 | Lair:1   | Killed Urug
 17521 | Lair:1   | Reached XP level 12. HP: 84/84 MP: 18/18
 17749 | Lair:1   | Noticed Joseph
 17758 | Lair:1   | Killed Joseph
 17758 | Lair:1   | Reached skill level 13 in Long Blades
 17833 | Lair:1   | Noticed Erica
 17849 | Lair:1   | Killed Erica
 18366 | Lair:2   | Identified a +1 rod of ignition (13/13) (You found it on level 2 of the Lair of Beasts)
 18958 | Lair:3   | Reached skill level 1 in Shields
 19622 | Lair:3   | Noticed magipi's ghost (journeyman TrAM)
 19667 | Lair:3   | Killed magipi's ghost
 20102 | Lair:3   | Found a staircase to the Snake Pit.
 20152 | Lair:3   | Reached skill level 14 in Long Blades
 20615 | Lair:4   | Reached skill level 5 in Shields
 20653 | Lair:4   | Identified a scroll of acquirement
 20748 | Lair:4   | Noticed a seven-headed hydra
 20753 | Lair:4   | Killed a seven-headed hydra
 20753 | Lair:4   | Reached XP level 13. HP: 89/89 MP: 21/21
 20790 | Lair:4   | Reached skill level 10 in Evocations
 21036 | Lair:4   | Found a frozen archway.
 21604 | Lair:5   | Found a dark tunnel.
 21612 | Volcano  | Entered a volcano
 21739 | Volcano  | Received a gift from Trog
 24298 | Lair:6   | Reached skill level 10 in Dodging
 24481 | Lair:6   | Received a gift from Trog
 24595 | Lair:6   | Found a staircase to the Swamp.
 24605 | Lair:6   | Reached skill level 10 in Armour
 24663 | Lair:6   | Reached skill level 10 in Fighting
 25374 | Lair:7   | Reached XP level 14. HP: 48/98 MP: 23/23
 26228 | Lair:8   | Entered Level 8 of the Lair of Beasts
 26559 | Lair:8   | Received a gift from Trog
 27115 | Lair:8   | Found a staircase to the Slime Pits.
 28270 | Orc:1    | Entered Level 1 of the Orcish Mines
 28270 | Orc:1    | Found Vint's Magic Scroll Boutique.
 28286 | Orc:1    | Bought a scroll of blinking for 127 gold pieces
 28286 | Orc:1    | Bought a scroll of teleportation for 51 gold pieces
 28286 | Orc:1    | Bought a scroll of fog for 34 gold pieces
 28286 | Orc:1    | Bought a scroll of magic mapping for 59 gold pieces
 28286 | Orc:1    | Bought a scroll of teleportation for 51 gold pieces
 28582 | Orc:1    | Reached ****** piety under Trog
 28638 | Orc:1    | Noticed Erolcha
 28654 | Orc:1    | Killed Erolcha
 29048 | Orc:3    | Noticed Nergalle
 29075 | Orc:3    | Killed Nergalle
 29075 | Orc:3    | Received a gift from Trog
 29648 | Orc:3    | Noticed an orc warlord
 29674 | Orc:3    | Killed an orc warlord
 29815 | Orc:3    | Received a gift from Trog
 30066 | Orc:3    | Noticed Sonja
 30075 | Orc:3    | Noticed Sonja
 30075 | Orc:3    | Sonja changed into Sonja the raiju
 30084 | Orc:3    | Killed Sonja the raiju
 30199 | Orc:4    | Entered Level 4 of the Orcish Mines
 30375 | Orc:4    | Found a staircase to the Elven Halls.
 30986 | Orc:4    | Received a gift from Trog
 31012 | Orc:4    | Found Wimor's Book Shop.
 31012 | Orc:4    | Found Naro's Magic Scroll Emporium.
 31014 | Orc:4    | Found Xuzekkea's General Store.
 31016 | Orc:4    | Found Xohaff's Gadget Boutique.
 31161 | Orc:4    | Found Byoczougri's Weapon Shop.
 31606 | Orc:4    | Bought a wand of digging (8) for 384 gold pieces
 31613 | Orc:4    | Bought a scroll of identify for 22 gold pieces
 31613 | Orc:4    | Bought a scroll of blinking for 82 gold pieces
 31613 | Orc:4    | Bought a scroll of teleportation for 33 gold pieces
 31613 | Orc:4    | Bought a scroll of teleportation for 33 gold pieces
 31745 | D:12     | Reached XP level 15. HP: 107/107 MP: 25/25
 31853 | D:12     | Noticed Rupert
 31880 | D:12     | Killed Rupert
 32014 | D:12     | Noticed Josephine
 32205 | D:12     | Killed Josephine
 32456 | D:12     | Noticed Fannar
 32477 | D:12     | Killed Fannar
 32847 | D:13     | Noticed Azrael
 32860 | D:13     | Killed Azrael
 32936 | D:13     | Found Mudo Ekh's Pet Rocks.
 33443 | D:13     | Received a gift from Trog
 33726 | D:14     | Found Onigew's Armour Shop.
 34421 | D:14     | Found a gate to the Vaults.
 34631 | D:15     | Entered Level 15 of the Dungeon
 34731 | D:15     | Received a gift from Trog
 35455 | D:15     | Found a staircase to the Depths.
 35930 | D:15     | Found a deep blue altar of Sif Muna.
 36103 | D:15     | Reached XP level 16. HP: 109/116 MP: 27/27
 36598 | Swamp:1  | Entered Level 1 of the Swamp
 37628 | Swamp:2  | Noticed Frances
 37664 | Swamp:2  | Killed Frances
 37773 | Swamp:2  | Noticed Louise
 37789 | Swamp:2  | Killed Louise
 39482 | Swamp:3  | Noticed Roxanne
 39492 | Swamp:3  | Killed Roxanne
 39531 | Swamp:3  | Identified Roxanne's Papyrus of Earthen Transformation (You took it off Roxanne on level 3 of the Swamp)
 40089 | Swamp:4  | Entered Level 4 of the Swamp
 40112 | Swamp:4  | Received a gift from Trog
 40124 | Swamp:4  | Reached skill level 1 in Throwing
 41805 | Swamp:4  | Got a decaying rune of Zot
 42517 | Snake:1  | Entered Level 1 of the Snake Pit
 42996 | Snake:1  | Found Zipuushua's Magic Scroll Boutique.
 44048 | Snake:2  | Reached XP level 17. HP: 122/124 MP: 28/28
 44300 | Snake:2  | Reached skill level 5 in Throwing
 44446 | Snake:2  | Received a gift from Trog
 45566 | Snake:3  | Found Vovug's Magic Scroll Shoppe.
 46164 | Snake:3  | Found Umownali's Book Emporium.
 47058 | Snake:4  | Entered Level 4 of the Snake Pit
 47794 | Snake:4  | Received a gift from Trog
 49114 | Snake:4  | Reached skill level 15 in Fighting
 49975 | Snake:4  | Noticed Mara
 50019 | Snake:3  | Reached skill level 15 in Long Blades
 50371 | Vaults:1 | Entered Level 1 of the Vaults
 50446 | D:14     | Received a gift from Trog
 50561 | Vaults:1 | Paralysed by a great orb of eyes for 7 turns
 50781 | Vaults:1 | Found Sysitt's Antique Weapon Boutique.
 51109 | Vaults:1 | HP: 2/127 [shadow dragon skeleton[a necromancer] (12)]
 51521 | Vaults:1 | Reached skill level 16 in Long Blades
 51649 | Vaults:1 | Reached XP level 18. HP: 52/134 MP: 9/29
 52390 | Vaults:1 | Received a gift from Trog
 52452 | Vaults:1 | Reached skill level 17 in Long Blades
 53331 | Vaults:1 | Received a gift from Trog
 53369 | Vaults:1 | Got a warped demon blade {god gift}
 53370 | Vaults:1 | Identified the +13 demon blade of Asenn {freeze, +Inv} (Trog gifted it to you on level 1 of the Vaults)
 54500 | Vaults:2 | Reached skill level 18 in Long Blades
 54504 | Vaults:2 | Received a gift from Trog
 54947 | Vaults:2 | Noticed Jorgrun
 54956 | Vaults:2 | Killed Jorgrun
 55554 | Vaults:2 | Received a gift from Trog
 56572 | Vaults:3 | Reached XP level 19. HP: 96/141 MP: 30/30
 56579 | Vaults:3 | Reached skill level 15 in Dodging
 57057 | Vaults:3 | Received a gift from Trog
 57121 | Vaults:3 | Found a staircase to the Crypt.
 57366 | Vaults:4 | Paralysed by an orc sorcerer for 7 turns
 57671 | Vaults:4 | Reached skill level 15 in Armour
 59442 | Depths:1 | Entered Level 1 of the Depths
 59992 | Depths:1 | Received a gift from Trog
 60461 | Depths:1 | Found a gateway to Hell.
 60498 | Depths:1 | Found a one-way gate to the infinite horrors of the Abyss.
 61538 | Depths:2 | Found a gateway to a ziggurat.
 61699 | Depths:2 | Received a gift from Trog
 61912 | D:13     | Bought a wand of disintegration (13) for 204 gold pieces
 62007 | Depths:2 | Noticed a juggernaut
 62034 | Depths:2 | Killed a juggernaut
 62034 | Depths:2 | Reached XP level 20. HP: 151/151 MP: 31/31
 62268 | Depths:2 | Found Dasapnum's Armour Shoppe.
 63255 | Depths:4 | Found a flickering gateway to a bazaar.
 63273 | Depths:4 | Received a gift from Trog
 63312 | Bazaar   | Entered a bazaar
 63320 | Bazaar   | Found Xazo's Gadget Shop.
 63320 | Bazaar   | Found Urchio's Book Shop.
 63361 | Bazaar   | Bought a wand of paralysis (10) for 204 gold pieces
 63701 | Depths:3 | Noticed an ancient lich
 63724 | Depths:3 | Killed an ancient lich
 63927 | Depths:3 | Received a gift from Trog
 64207 | Depths:3 | Paralysed by a giant eyeball for 2 turns
 66693 | Depths:3 | Received a gift from Trog
 66881 | Depths:3 | Found a one-way gate leading to the halls of Pandemonium.
 66918 | Depths:3 | Noticed Maud
 66934 | Depths:3 | Killed Maud
 67480 | Depths:4 | Reached XP level 21. HP: 145/159 MP: 32/32
 67521 | Depths:4 | Noticed a caustic shrike
 67533 | Depths:4 | Killed a caustic shrike
 67940 | Depths:4 | Noticed an ancient lich
 68610 | Elf:1    | Entered Level 1 of the Elven Halls
 68619 | Elf:1    | Received a gift from Trog
 68819 | Elf:1    | Received a gift from Trog
 69163 | Elf:1    | Found Xueseyma's Gadget Shop.
 69209 | Elf:1    | Received a gift from Trog
 69521 | Elf:2    | Got a steaming robe
 69522 | Elf:2    | Identified the +2 robe of Lies {*Corrode +Blink rElec Dex+6} (You found it on level 2 of the Elven Halls)
 69593 | Elf:2    | Received a gift from Trog
 69692 | Elf:2    | Found a runed gate.
 69692 | Elf:2    | Found a runed gate.
 69692 | Elf:2    | Found a runed gate.
 69792 | Elf:2    | Received a gift from Trog
 69881 | Elf:2    | Found a shimmering altar of Xom.
 70054 | Elf:3    | Entered Level 3 of the Elven Halls
 70112 | Elf:3    | Received a gift from Trog
 71348 | Elf:3    | Got a warped silver ring
 71350 | Elf:3    | Identified the ring "Plog" {+Blink rF+ rN+ Int+2 Dex+4} (You took it off a deep elf demonologist on level 3 of the Elven Halls)
 71408 | Elf:3    | Identified Wyhoin's Reference Book on the Lucky Traveller
 71498 | Elf:3    | Received a gift from Trog
 71558 | Elf:3    | Got a pitted blowgun
 71559 | Elf:3    | Identified the +7 blowgun "Wakh" {evade, rF+ rC- Int+2} (You found it on level 3 of the Elven Halls)
 71564 | Elf:3    | Got a transparent chain mail
 71565 | Elf:3    | Identified the +3 chain mail of Incorporation {rF- rC+ rN+++} (You found it on level 3 of the Elven Halls)
 72719 | Depths:2 | Reached skill level 19 in Fighting
 73726 | Snake:4  | Noticed magipi's illusion
 73776 | Snake:4  | Killed Mara
 74062 | Snake:4  | Reached XP level 22. HP: 127/169 MP: 31/33
 74255 | Snake:4  | Noticed emiel's ghost (adept FoFi)
 74286 | Snake:4  | Killed emiel's ghost
 74769 | Snake:4  | Received a gift from Trog
 75483 | Snake:4  | Got a serpentine rune of Zot
 75991 | Lair:8   | Found a burning altar of Makhleb.
 76184 | Lair:8   | Received a gift from Trog
 77139 | D:5      | Fell from the grace of Trog
 77139 | D:5      | Became a worshipper of Makhleb the Destroyer
 77143 | D:5      | Learned a level 1 spell: Apportation
 77146 | D:5      | Learned a level 2 spell: Blink
 77149 | D:5      | Learned a level 2 spell: Repel Missiles
 77149 | D:5      | Reached XP level 23. HP: 174/174 MP: 34/34
 77831 | Depths:4 | Killed an ancient lich
 77831 | Depths:4 | Reached skill level 1 in Invocations
 78130 | Depths:1 | Learned a level 4 spell: Summon Lightning Spire
 78377 | Crypt:1  | Entered Level 1 of the Crypt
 78390 | Crypt:1  | Noticed Mennas
 78725 | Crypt:1  | Reached skill level 1 in Summonings
 79127 | Crypt:1  | Noticed Khufu
 79138 | Crypt:1  | Reached * piety under Makhleb
 79651 | Crypt:1  | Noticed a greater mummy
 80187 | Crypt:2  | Reached ** piety under Makhleb
 80362 | Vaults:3 | Reached skill level 5 in Air Magic
 80666 | Orc:4    | Bought a book of Necromancy for 360 gold pieces
 80671 | Orc:4    | Learned a level 3 spell: Regeneration
 80676 | Orc:4    | Learned a level 4 spell: Animate Dead
 80678 | Orc:4    | Learned a level 1 spell: Animate Skeleton
 80766 | Elf:2    | Learned a level 6 spell: Haste
 81030 | Depths:1 | Reached skill level 5 in Translocations
 81237 | Depths:4 | Reached skill level 1 in Necromancy
 81244 | Depths:4 | Reached skill level 5 in Charms
 81514 | Depths:4 | Found a corrupted altar of Lugonu.
 81556 | Depths:4 | Reached *** piety under Makhleb
 81816 | Depths:4 | Reached skill level 5 in Invocations
 81919 | Depths:5 | Entered Level 5 of the Depths
 82473 | Depths:5 | Reached **** piety under Makhleb
 82483 | Depths:5 | Reached XP level 24. HP: 148/181 MP: 9/34
 83779 | Depths:5 | Noticed a juggernaut
 83808 | Depths:5 | Killed a juggernaut
 83808 | Depths:5 | Reached skill level 5 in Summonings
 84014 | Depths:5 | Found a gate to the Realm of Zot.
 84175 | Depths:5 | Reached skill level 5 in Necromancy
 85033 | Crypt:1  | Killed a greater mummy
 85073 | Crypt:1  | Killed Khufu
 85074 | Crypt:1  | Noticed a greater mummy
 85086 | Crypt:1  | Killed a greater mummy
 85086 | Crypt:1  | Reached skill level 5 in Spellcasting
 85628 | Crypt:3  | Entered Level 3 of the Crypt
 86160 | Crypt:2  | Reached skill level 10 in Charms
 86272 | Crypt:2  | Reached ***** piety under Makhleb
 86902 | Crypt:2  | Learned a level 3 spell: Portal Projectile
 86907 | Crypt:2  | Learned a level 4 spell: Passage of Golubria
 87074 | Crypt:3  | Noticed Frederick
 87091 | Crypt:3  | Killed Frederick
 87099 | Crypt:3  | Noticed Xtahua
 87118 | Crypt:3  | Killed Xtahua
 87197 | Crypt:3  | Your ally Frederick died
 87954 | Snake:1  | Bought a scroll of enchant weapon for 105 gold pieces
 87954 | Snake:1  | Bought a scroll of teleportation for 42 gold pieces
 87954 | Snake:1  | Bought a scroll of enchant weapon for 105 gold pieces
 88023 | Snake:3  | Bought a scroll of enchant weapon for 82 gold pieces
 88023 | Snake:3  | Bought a scroll of teleportation for 33 gold pieces
 88023 | Snake:3  | Bought a scroll of teleportation for 33 gold pieces
 89730 | Crypt:3  | Reached XP level 25. HP: 184/184 MP: 36/36
 89775 | Crypt:3  | Found a staircase to the Tomb.
 89839 | Crypt:3  | Reached skill level 10 in Air Magic
 90448 | Crypt:3  | Found an ancient bone altar of Kikubaaqudgha.
 90569 | Crypt:3  | Reached ****** piety under Makhleb
 90631 | Crypt:3  | Noticed an ancient lich
 90807 | Crypt:3  | Killed an ancient lich
 90824 | Crypt:3  | Identified the Almanac of Boosting Companions
 90827 | Crypt:3  | Learned a level 1 spell: Summon Butterflies
 90849 | Crypt:3  | Got a polished blowgun
 90850 | Crypt:3  | Identified the cursed +3 blowgun "Pajuum" {evade, rElec} (You found it on level 3 of the Crypt)
 90909 | Crypt:3  | Got a heavily runed glass ring
 90910 | Crypt:3  | Identified a ring "Qowen" {Ice Dex+4} (You found it on level 3 of the Crypt)
 91866 | Slime:1  | Entered Level 1 of the Pits of Slime
 91906 | Slime:2  | Noticed Dissolution
 92002 | Slime:2  | Gained mutation: Potions and wands are less effective at restoring your health. [a shining eye]
 92003 | Slime:2  | Gained mutation: Your magical capacity is low (-10% MP). [a shining eye]
 92031 | Slime:1  | Killed Dissolution
 92039 | Slime:2  | Gained mutation: You expend magic power (3 MP) to strengthen your wands. [a shining eye]
 92044 | Slime:2  | Gained mutation: You tend to lose your temper in combat. [a shining eye]
 92561 | Slime:6  | Entered Level 6 of the Pits of Slime
 92626 | Slime:6  | Noticed the royal jelly
 92682 | Slime:6  | Reached skill level 10 in Invocations
 92762 | Slime:6  | Killed the royal jelly
 93244 | Slime:6  | Identified Sif Muna's Disquisition on Companions (You found it on level 6 of the Pits of Slime)
 93369 | Slime:6  | Got a slimy rune of Zot
 93412 | Slime:6  | Was forgiven by Trog
 93842 | D:5      | Lost mutation: Your magical capacity is low (-10% MP). [potion of cure mutation]
 93842 | D:5      | Lost mutation: Potions and wands are less effective at restoring your health. [potion of cure mutation]
 93842 | D:5      | Lost mutation: You tend to lose your temper in combat. [potion of cure mutation]
 94092 | Depths:1 | Learned a level 5 spell: Silence
 94449 | Tomb:1   | Entered Level 1 of the Tomb of the Ancients
 94564 | Tomb:1   | Reached skill level 1 in Hexes
 95318 | Vaults:5 | Entered Level 5 of the Vaults
 95571 | Vaults:5 | Reached XP level 26. HP: 192/192 MP: 36/36
 95681 | Vaults:5 | Reached skill level 15 in Air Magic
 96953 | Vaults:5 | Noticed Sojobo
 97119 | Vaults:5 | Found Vukhliogi's General Store.
 97144 | Vaults:5 | Killed Sojobo
 97963 | Vaults:5 | Reached skill level 20 in Air Magic
 98088 | Vaults:5 | Got a transparent glass ring
 98092 | Vaults:5 | Identified the ring "Beafotych" {SustAt Str+4} (You took it off a deep elf sorcerer on level 5 of the Vaults)
 98240 | Vaults:5 | Got a warped golden ring
 98241 | Vaults:5 | Identified a ring of Dejoguij {Ice rPois} (You took it off an ironbrand convoker on level 5 of the Vaults)
 98307 | Vaults:5 | Got a silver rune of Zot
 99274 | Tomb:1   | Reached skill level 21 in Air Magic
 99274 | Tomb:1   | Reached XP level 27. HP: 141/194 MP: 36/37
 99915 | Tomb:1   | Reached skill level 10 in Spellcasting
100449 | Tomb:2   | Got an ichor-stained ring mail
100451 | Tomb:2   | Identified the +0 ring mail "Moaz" {+Blink +Fly Regen+} (You found it on level 2 of the Tomb of the Ancients)
101606 | Tomb:2   | Reached skill level 22 in Air Magic
102969 | Tomb:1   | Reached skill level 23 in Air Magic
104408 | Tomb:3   | Entered Level 3 of the Tomb of the Ancients
104910 | Tomb:2   | Reached skill level 15 in Spellcasting
105455 | Tomb:3   | Reached skill level 24 in Air Magic
106384 | Tomb:3   | Got a golden rune of Zot
106614 | Tomb:3   | Got a pitted emerald amulet
106615 | Tomb:3   | Identified the amulet of Bokhehat {Faith SInv} (You found it on level 3 of the Tomb of the Ancients)
106858 | Tomb:3   | Identified the Guide on Boosts and the Frostbite
107422 | Depths:1 | Learned a level 9 spell: Tornado
107891 | Zot:1    | Entered Level 1 of the Realm of Zot
108387 | Zot:1    | Reached skill level 25 in Air Magic
109208 | Hell     | Entered the Vestibule of Hell
109217 | Hell     | Noticed Geryon
109388 | Hell     | Noticed an ancient lich
109413 | Hell     | Killed Geryon
109416 | Hell     | Killed an ancient lich
109416 | Hell     | Reached skill level 26 in Air Magic
109620 | Hell     | Found a gateway to the decaying netherworld of Tartarus.
109869 | Hell     | Found a gateway to the ashen valley of Gehenna.
109953 | Hell     | Found a gateway to the Iron City of Dis.
109997 | Hell     | Found a gateway to the freezing wastes of Cocytus.
110121 | Depths:4 | Reached skill level 27 in Air Magic
111921 | Pan      | Entered Pandemonium
112129 | Pan      | Noticed Mongujax the pandemonium lord
112158 | Pan      | Killed Mongujax the pandemonium lord
112425 | Pan      | Noticed Xyhiewku the pandemonium lord
112440 | Pan      | Killed Xyhiewku the pandemonium lord
112633 | Pan      | Found an exit through the horrors of the Abyss.
112681 | Pan      | Gained mutation: You are clumsy. (Dex -2) [a cacodemon]
112706 | Pan      | Noticed Zimyol the pandemonium lord
112724 | Pan      | Gained mutation: You regenerate slowly when monsters are visible. [a cacodemon]
112740 | Pan      | Gained mutation: You do not regenerate naturally when monsters are visible. [a cacodemon]
112789 | Pan      | HP: 5/201 [Zimyol the pandemonium lord/Shatter (64)]
112801 | Pan      | Killed Zimyol the pandemonium lord
113026 | Pan      | Found a huge runed gate.
113149 | Pan      | Noticed Lise Mull the pandemonium lord
113213 | Pan      | Killed Lise Mull the pandemonium lord
113486 | Pan      | Found an exit through the horrors of the Abyss.
113524 | Pan      | Noticed Ademue the pandemonium lord
113554 | Pan      | Killed Ademue the pandemonium lord
113790 | Pan      | Gained mutation: Scrolls take you a little longer to read. [a neqoxec]
113862 | Pan      | Gained mutation: Your magical capacity is low (-10% MP). [a neqoxec]
113886 | Pan      | Noticed Qautoosk the pandemonium lord
113909 | Pan      | Killed Qautoosk the pandemonium lord
114046 | Depths:5 | Escaped Pandemonium
114057 | Pan      | Entered Pandemonium
114257 | Pan      | Noticed Kimow the pandemonium lord
114275 | Pan      | Killed Kimow the pandemonium lord
114514 | Pan      | Lost mutation: You expend magic power (3 MP) to strengthen your wands. [potion of cure mutation]
114514 | Pan      | Lost mutation: Your magical capacity is low (-10% MP). [potion of cure mutation]
114514 | Pan      | Lost mutation: Scrolls take you a little longer to read. [potion of cure mutation]
114514 | Pan      | Lost mutation: You do not regenerate naturally when monsters are visible. [potion of cure mutation]
114514 | Pan      | Lost mutation: You are clumsy. (Dex -2) [potion of cure mutation]
114514 | Pan      | Lost mutation: You regenerate slowly when monsters are visible. [potion of cure mutation]
114606 | Pan      | Noticed Uxoej the pandemonium lord
114702 | Pan      | Killed Uxoej the pandemonium lord
114990 | Pan      | Found an exit through the horrors of the Abyss.
115179 | Pan      | Found an exit through the horrors of the Abyss.
115208 | Pan      | Found an exit through the horrors of the Abyss.
115229 | Pan      | Noticed Alumeqa the pandemonium lord
115254 | Pan      | Killed Alumeqa the pandemonium lord
115306 | Pan      | Entered the realm of Mnoleg.
115330 | Pan      | Gained mutation: You tend to lose your temper in combat. [a cacodemon]
115353 | Pan      | Gained mutation: Your magical capacity is low (-10% MP). [a cacodemon]
115547 | Pan      | Gained mutation: Your magical capacity is very low (-20% MP). [a neqoxec]
115754 | Pan      | Noticed Mnoleg
115755 | Pan      | Gained mutation: You are weak. (Str -2) [a shining eye]
115776 | Pan      | Killed Mnoleg
115780 | Pan      | Gained mutation: You are dopey. (Int -2) [a cacodemon]
115786 | Pan      | Gained mutation: You expend magic power (3 MP) to strengthen your wands. [a cacodemon]
115795 | Pan      | Reached skill level 15 in Invocations
115843 | Pan      | Got a glowing rune of Zot
116001 | Pan      | Gained mutation: You are very dopey. (Int -4) [a cacodemon]
116008 | Pan      | Gained mutation: Your magical capacity is extremely low (-30% MP). [a cacodemon]
116081 | Pan      | Found an exit through the horrors of the Abyss.
116085 | Pan      | Gained mutation: Your body sometimes deteriorates upon taking damage. [a cacodemon]
116135 | Pan      | Took an exit into the Abyss.
116135 | Abyss:1  | Escaped into the Abyss
116146 | Abyss:1  | Got a transparent robe
116147 | Abyss:1  | Identified the +3 robe "Uheemok" {rPois rCorr Dex+2} (You found it on level 1 of the Abyss)
116544 | Abyss:2  | Found a stormy altar of Qazlal.
116575 | Abyss:2  | Gained mutation: You regenerate slowly when monsters are visible. [a neqoxec]
116624 | Depths:5 | Escaped the Abyss
116941 | Snake:2  | Lost mutation: You expend magic power (3 MP) to strengthen your wands. [potion of cure mutation]
116941 | Snake:2  | Lost mutation: Your magical capacity is extremely low (-30% MP). [potion of cure mutation]
116941 | Snake:2  | Lost mutation: You tend to lose your temper in combat. [potion of cure mutation]
116941 | Snake:2  | Lost mutation: You are weak. (Str -2) [potion of cure mutation]
117684 | Zot:2    | Identified the Catalogue of Virous Transmutation
117691 | Zot:2    | Identified Spellweaving Continued
117799 | Zot:2    | Got a wavering ruby amulet
117800 | Zot:2    | Identified the amulet "Zur Tiuc" {Gourm -Tele rPois MR+ Dex+4} (You found it on level 2 of the Realm of Zot)
117821 | Zot:2    | Got a jewelled scale mail
117822 | Zot:2    | Identified the cursed +0 scale mail of the Other World {rC+ Str+3} (You found it on level 2 of the Realm of Zot)
118023 | Zot:2    | Noticed an orb of fire
118043 | Zot:2    | Killed an orb of fire
118753 | Zig:1    | Entered Level 1 of a ziggurat
118888 | Zig:2    | Entered Level 2 of a ziggurat
118919 | Zig:3    | Entered Level 3 of a ziggurat
118956 | Zig:3    | Identified the Compendium of Cloudy Bewitchment
118963 | Zig:4    | Entered Level 4 of a ziggurat
119086 | Zig:5    | Entered Level 5 of a ziggurat
119207 | Zig:6    | Entered Level 6 of a ziggurat
119251 | Zig:6    | Got a twitching wooden ring
119252 | Zig:6    | Identified the ring of Mistrust {rPois rF- EV+3 SInv} (You found it on level 6 of a ziggurat)
119392 | Zig:7    | Entered Level 7 of a ziggurat
119432 | Zig:7    | Identified The Advanced Guide to the Hermit's Heritage (You found it on level 7 of a ziggurat)
119549 | Zig:8    | Entered Level 8 of a ziggurat
119602 | Zig:8    | Got a twitching copper ring
119605 | Zig:8    | Identified the ring of Vylaikhly {+/*Tele Str+4} (You found it on level 8 of a ziggurat)
119618 | Zig:9    | Entered Level 9 of a ziggurat
119757 | Zig:9    | Got a ring of the Octopus King
119760 | Zig:9    | Identified a ring of the Octopus King {AC+1 EV+1 Str+1 Int+1 Dex+1 SInv} (You found it on level 9 of a ziggurat)
119776 | Zig:10   | Entered Level 10 of a ziggurat
119966 | Zig:11   | Entered Level 11 of a ziggurat
120005 | Zig:11   | Paralysed by accursed screaming for 1 turns
120012 | Zig:11   | Paralysed by accursed screaming for 1 turns
120061 | Zig:11   | Gained mutation: Scrolls take you a little longer to read. [mutagenic glow]
120194 | Zig:12   | Entered Level 12 of a ziggurat
120287 | Zig:12   | Lost mutation: Scrolls take you a little longer to read. [potion of cure mutation]
120287 | Zig:12   | Lost mutation: Your body sometimes deteriorates upon taking damage. [potion of cure mutation]
120287 | Zig:12   | Lost mutation: Your magical capacity is very low (-20% MP). [potion of cure mutation]
120287 | Zig:12   | Lost mutation: You are very dopey. (Int -4) [potion of cure mutation]
120290 | Zig:12   | Identified a +7 rod of destruction (14/14) (You found it on level 12 of a ziggurat)
120308 | Zig:12   | Lost mutation: Your magical capacity is low (-10% MP). [potion of cure mutation]
120308 | Zig:12   | Lost mutation: You are dopey. (Int -2) [potion of cure mutation]
120308 | Zig:12   | Lost mutation: You regenerate slowly when monsters are visible. [potion of cure mutation]
120358 | Zig:13   | Entered Level 13 of a ziggurat
120398 | Zig:13   | Got a glittering jade ring
120399 | Zig:13   | Identified the ring "Qujuimp" {+Inv Str+3} (You found it on level 13 of a ziggurat)
120424 | Zig:13   | Got a faintly glowing iron ring
120425 | Zig:13   | Identified the ring of Oreul {rPois MP+9 Int-3 SInv Stlth+} (You found it on level 13 of a ziggurat)
120513 | Zig:14   | Entered Level 14 of a ziggurat
120713 | Zig:15   | Entered Level 15 of a ziggurat
120891 | Zig:15   | Identified the Almanac of Vitriolic Combat Magic
120908 | Zig:15   | Got a transparent scale mail
120909 | Zig:15   | Identified the +6 scale mail of True Grit {rF+} (You found it on level 15 of a ziggurat)
120925 | Zig:15   | Learned a level 2 spell: Song of Slaying
120942 | Zig:15   | Got a bronze ring mail
120943 | Zig:15   | Identified the +4 ring mail "Qoikheo" {rC+ Stlth+} (You found it on level 15 of a ziggurat)
120996 | Zig:16   | Entered Level 16 of a ziggurat
121127 | Zig:16   | Identified the Compendium of Vitriolic Confrontation (You found it on level 16 of a ziggurat)
121131 | Zig:16   | Identified the Compendium of Creative Beguiling (You found it on level 16 of a ziggurat)
121235 | Zig:17   | Entered Level 17 of a ziggurat
121457 | Zig:17   | Got a scorched ivory ring
121458 | Zig:17   | Identified the ring "Weuzurocw" {rN+ Str+4 Int+6 Dex+3} (You found it on level 17 of a ziggurat)
121489 | Zig:18   | Entered Level 18 of a ziggurat
121516 | Zig:18   | Noticed a juggernaut
121535 | Zig:18   | Killed a juggernaut
121580 | Zig:18   | Got a transparent garnet amulet
121581 | Zig:18   | Identified the amulet "Mies" {+Rage rElec rPois Str+3 Int-2} (You found it on level 18 of a ziggurat)
121585 | Zig:18   | Got a serpentine bone amulet
121586 | Zig:18   | Identified the amulet of Pempex {Spirit *Confuse rC+ rN+} (You found it on level 18 of a ziggurat)
121802 | Zig:19   | Entered Level 19 of a ziggurat
121882 | Zig:19   | Reached skill level 10 in Bows
121895 | Zig:19   | Got a heavily runed golden ring
121903 | Zig:19   | Identified the ring of Ohur Xos {+Fly Int+7 Stlth+} (You found it on level 19 of a ziggurat)
121909 | Zig:19   | Identified Iskenderun's Compendium of Arcane Weapons
122041 | Zig:20   | Entered Level 20 of a ziggurat
122054 | Zig:20   | Noticed Lueprarre the pandemonium lord
122057 | Zig:20   | Noticed Joumum the pandemonium lord
122076 | Zig:20   | Noticed Xiov the pandemonium lord
122076 | Zig:20   | Noticed Dauberun the pandemonium lord
122077 | Zig:20   | Noticed Buvineil the pandemonium lord
122078 | Zig:20   | Noticed Jequbenk the pandemonium lord
122078 | Zig:20   | Noticed Azoss the pandemonium lord
122080 | Zig:20   | Noticed Natrocot the pandemonium lord
122080 | Zig:20   | Noticed Zagumom the pandemonium lord
122080 | Zig:20   | Noticed Geucelao the pandemonium lord
122081 | Zig:20   | Noticed Toijick the pandemonium lord
122082 | Zig:20   | Noticed Regemmoc the pandemonium lord
122087 | Zig:20   | Killed Joumum the pandemonium lord
122088 | Zig:20   | Noticed Palielog the pandemonium lord
122461 | Vaults:1 | Bought a glowing longbow for 148 gold pieces
122619 | Geh:1    | Entered Level 1 of Gehenna
123692 | Geh:7    | Entered Level 7 of Gehenna
123981 | Geh:7    | Noticed Asmodeus
124021 | Geh:7    | Killed Asmodeus
124117 | Geh:7    | Got a fine steel ring
124118 | Geh:7    | Identified the ring "Qylai" {*Confuse +Inv rPois rF+ Stlth+} (You found it on level 7 of Gehenna)
124140 | Geh:7    | Got an obsidian rune of Zot
124363 | Dis:1    | Entered Level 1 of the Iron City of Dis
124870 | Dis:2    | You fall through a shaft!
124988 | Dis:5    | Reached skill level 10 in Throwing
125189 | Dis:5    | Gained mutation: Armour fits poorly on your strangely shaped body. [mutagenic glow]
125278 | Dis:7    | Entered Level 7 of the Iron City of Dis
125287 | Dis:7    | Reached skill level 10 in Summonings
125329 | Dis:7    | Reached skill level 5 in Stealth
125679 | Dis:7    | Noticed Dispater
125706 | Dis:7    | Killed Dispater
125719 | Dis:7    | Identified the Volume of Curses
125723 | Dis:7    | Got an iron rune of Zot
125726 | Dis:7    | Got a sparkling graven amulet
125727 | Dis:7    | Identified the amulet "Somunuuthru" {Spirit MR+++} (You found it on level 7 of the Iron City of Dis)
125730 | Dis:7    | Identified the Handbook of Transmigration
125820 | Coc:1    | Entered Level 1 of Cocytus
126206 | Coc:7    | Entered Level 7 of Cocytus
126330 | Coc:7    | Reached skill level 10 in Stealth
126336 | Coc:7    | Got a sparkling zirconium amulet
126337 | Coc:7    | Identified the amulet "Vaplariu" {Ward rN+ Int+4} (You found it on level 7 of Cocytus)
126531 | Coc:7    | Noticed Antaeus
126553 | Coc:7    | HP: 7/211 [Antaeus/scythe of flaming (8)]
126553 | Coc:7    | Slain by Antaeus

Action                   |  1- 3 |  4- 6 |  7- 9 | 10-12 | 13-15 | 16-18 | 19-21 | 22-24 | 25-27 || total
-------------------------+-------+-------+-------+-------+-------+-------+-------+-------+-------++-------
Melee: Falchion          |   111 |   236 |   346 |       |       |       |       |       |       ||   693
       Long sword        |       |       |   374 |       |       |       |       |       |       ||   374
       Great sword       |       |       |    53 |   561 |       |   810 |       |       |       ||  1424
       Triple sword      |       |       |       |    34 |       |       |       |       |       ||    34
       Scimitar          |       |       |       |   280 |  2421 |  1628 |       |       |       ||  4329
       Demon blade       |       |       |       |       |       |   380 |  2347 |  2619 |  2360 ||  7706
       Double sword      |       |       |       |       |       |       |       |   250 |  4686 ||  4936
       Staff             |       |       |       |       |       |       |       |       |    13 ||    13
 Fire: Blowgun           |       |       |       |    14 |       |       |       |       |       ||    14
Throw: Javelin           |       |       |       |       |     7 |     7 |       |       |       ||    14
 Cast: Animate Skeleton  |       |       |       |       |       |       |       |    22 |    68 ||    90
       Repel Missiles    |       |       |       |       |       |       |       |     4 |    15 ||    19
       Regeneration      |       |       |       |       |       |       |       |    35 |   170 ||   205
       Summon Lightning  |       |       |       |       |       |       |       |     4 |    11 ||    15
       Blink             |       |       |       |       |       |       |       |     5 |     2 ||     7
       Apportation       |       |       |       |       |       |       |       |     1 |    15 ||    16
       Animate Dead      |       |       |       |       |       |       |       |     5 |    33 ||    38
       Haste             |       |       |       |       |       |       |       |     1 |    93 ||    94
       Tornado           |       |       |       |       |       |       |       |       |    77 ||    77
       Silence           |       |       |       |       |       |       |       |       |    26 ||    26
       Summon Butterflie |       |       |       |       |       |       |       |       |     2 ||     2
Invok: Berserk           |     2 |     8 |    11 |    13 |    15 |    27 |    11 |     1 |       ||    88
       Trog's Hand       |       |       |     1 |     1 |     7 |    17 |    29 |       |       ||    55
       Brothers in Arms  |       |       |       |     4 |     7 |     5 |     6 |     1 |       ||    23
       Lesser Servant of |       |       |       |       |       |       |       |     7 |     3 ||    10
       Major Destruction |       |       |       |       |       |       |       |     1 |       ||     1
       Greater Servant o |       |       |       |       |       |       |       |       |    12 ||    12
 Abil: Evoke Teleportati |       |       |       |       |       |       |       |       |    15 ||    15
       Stop Flying       |       |       |       |       |       |       |       |       |     1 ||     1
Evoke: Wand              |       |       |       |    12 |    55 |    12 |    33 |    32 |    43 ||   187
       Rod               |       |       |       |     5 |    19 |     8 |       |       |       ||    32
       Lamp of fire      |       |       |       |       |       |       |     2 |     4 |     7 ||    13
  Use: Scroll            |       |     2 |    25 |     9 |    11 |    16 |    12 |    26 |    66 ||   167
       Potion            |       |       |       |     1 |     2 |    16 |     9 |     9 |    35 ||    72
 Stab: Distracted        |     1 |       |       |       |       |     3 |       |    10 |    39 ||    53
       Confused          |       |       |       |       |       |     1 |       |     2 |       ||     3
       Paralysed         |       |       |       |       |       |       |     2 |       |     2 ||     4
       Invisible         |       |       |       |       |       |       |     9 |       |       ||     9
       Sleeping          |       |       |       |       |       |       |       |       |    14 ||    14
  Eat: Chunk             |     4 |     7 |    15 |    23 |    45 |    25 |    28 |     9 |    61 ||   217
       Beef jerky        |     1 |     1 |     2 |     3 |     2 |       |     2 |       |     2 ||    13
       Bread ration      |       |     1 |     2 |     4 |     1 |    10 |       |    10 |     7 ||    35
       Meat ration       |       |     1 |       |       |     2 |     1 |     7 |     1 |    21 ||    33
       Fruit             |       |       |     3 |     5 |       |     2 |     5 |     3 |    17 ||    35
       Pizza             |       |       |     1 |     7 |       |     2 |     2 |       |     2 ||    14
       Royal jelly       |       |       |       |       |     5 |    10 |     2 |       |     9 ||    26
